 Dungeon Crawl Stone Soup version 0.28-a0-1087-gf3fc490d9d (webtiles) character file.

Game seed: 12536911403007464035

61 ytrimaz the Insei (level 4, -2/28 HPs)
             Began as an Octopode Transmuter on Dec 10, 2021.
             Slain by an orc (5 damage)
             ... on level 3 of the Dungeon.
             The game lasted 00:01:37 (2197 turns).

ytrimaz the Insei (Octopode Transmuter)             Turns: 2197, Time: 00:01:38

Health: -2/28      AC:  1    Str:  9    XL:     4   Next: 7%
Magic:  4/7        EV: 13    Int: 17    God:
Gold:   68         SH:  0    Dex: 12    Spells: 2/8 levels left

rFire   . . .      SeeInvis .     - Unarmed
rCold   . . .      Faith    .   (no shield)
rNeg    . . .      Spirit   .   (helmet restricted)
rPois   .          Reflect  .   (no amulet)
rElec   .          Harm     .   (no ring)
rCorr   .          Rampage  .   (no ring)
Will    .....                   (no ring)
Stlth   ++........              (no ring)
HPRegen 0.09/turn               (no ring)
MPRegen 0.10/turn               (no ring)
                                (no ring)
                                (no ring)

@: confused, attractive
A: almost no armour, amphibious, 8 rings, camouflage 1, gelatinous body 1,
(nimble swimmer 1), tentacles
a: no special abilities


You were on level 3 of the Dungeon.
You visited 1 branch of the dungeon, and saw 3 of its levels.

You collected 68 gold pieces.

Inventory:

Scrolls
 c - a scroll of teleportation
Potions
 a - a potion of haste


   Skills:
 * Level 1.5 Fighting
 - Level 2.0 Dodging
 + Level 3.6 Unarmed Combat
 * Level 2.6 Spellcasting
 * Level 2.7 Transmutations


You had 2 spell levels left.
You knew the following spells:

 Your Spells              Type           Power      Damage    Failure   Level
a - Beastly Appendage     Tmut           22%        N/A       6%          1
b - Spider Form           Tmut/Pois      6%         N/A       30%         3
c - Wereblood             Tmut           11%        N/A       9%          2

Your spell library contained the following spells:

 Spells                   Type           Power      Damage    Failure   Level
 Gell's Gravitas          Tloc           2%         N/A       50%         3
 Teleport Other           Tloc           2%         N/A       50%         3
 Ice Form                 Ice/Tmut       6%         N/A       71%         4
 Dispersal                Tloc           1%         N/A       100%        6


Dungeon Overview and Level Annotations

Branches:
Dungeon (3/15)

Altars:


Innate Abilities, Weirdness & Mutations

You cannot wear most types of armour.
You are amphibious.
You can wear up to eight rings at the same time.
Your skin changes colour to match your surroundings (Stealth+).
Your rubbery body absorbs attacks. (AC +1, EV +1)
((You are camouflaged near water. (Stealth+)))
You have tentacles for arms and can constrict up to eight enemies at once.


Message History

You feel less confused.
A kobold comes into view. It is wielding a +0 dagger.
The orc wizard hits you with a +0 dagger.
Unknown command.
The kobold shouts!
You tentacle-slap the orc wizard but do no damage.
You grab the orc wizard. You squeeze the orc wizard.
The orc wizard is severely wounded.
You constrict the orc wizard.
You hear an angry hiss.
The orc wizard casts a spell at you.
You are confused.
You're too confused to cast spells.
You bump into the rock wall.
You constrict the orc wizard, but do no damage.
An orc comes into view. It is wielding a +0 hand axe.
The orc wizard barely misses you.
Unknown command.
It was a potion of attraction.
You feel attractive to monsters.
You constrict the orc wizard, but do no damage.
An orc comes into view. It is wielding a +0 falchion.
The orc wizard hits you with a +0 dagger.
The orc is attracted toward you.
Unknown command.
You completely miss the orc wizard. You squeeze the orc wizard.
The orc wizard is severely wounded.
You constrict the orc wizard.
The orc wizard hits you with a +0 dagger.
* * * LOW HITPOINT WARNING * * *
Unknown command.
You bump into the rock wall.
You constrict the orc wizard.
You kill the orc wizard!
You have reached level 4!
Unknown command.
Unknown command.
The kobold is attracted toward you. The orc is attracted toward you. x2
Unknown command.
You bump into the rock wall.
The orc hits you with a +0 short sword.
You die...

######
#....#
#....#######
#..........#
####.#####@#
#.# #o#
#.#######.#
#K#
#.......#.#
#o#
#######.#.#
#o#
.......<..#
.o.
###########
.≈. ..≈..
..≈≈§


You could see 3 orcs and a kobold.

Vanquished Creatures
  An orc wizard (D:3)
  A gnoll (D:1)
  A dart slug (D:1)
  A worm (D:2)
  2 bats
  4 endoplasms
  A goblin (D:2)
  A hobgoblin (D:1)
  A quokka (D:1)
  4 ball pythons
  2 frilled lizards (D:1)
  5 rats
24 creatures vanquished.

Notes
Turn   | Place    | Note
-------+----------+-------------------------------------------
     0 | D:1      | ytrimaz the Octopode Transmuter began the quest for the
                  | Orb.
     0 | D:1      | Reached XP level 1. HP: 13/13 MP: 3/3
     0 | D:1      | Upgraded the game from 0.28-a0-1080-g05a166d0ed to
                  | 0.28-a0-1087-gf3fc490d9d
   240 | D:1      | Reached XP level 2. HP: 18/18 MP: 5/5
   955 | D:2      | Reached XP level 3. HP: 23/23 MP: 4/6
   959 | D:2      | Learned a level 3 spell: Spider Form
   962 | D:2      | Learned a level 2 spell: Wereblood
   972 | D:2      | Found a faded altar of an unknown god.
  2196 | D:3      | Reached XP level 4. HP: 3/28 MP: 4/7
  2197 | D:3      | Slain by an orc

Illustrated notes

Levels and vault maps discovered:
D:1:      ncdulo_lavacross, layout_loops_ring
D:2:      layout_basic, shapermc_ecumenical_altar_acropolis, minmay_bisected
D:3:      minmay_spotlight, layout_basic, grunt_qazlal_sundering,
          mainiacjoe_overflow_catwalk, hex_intersection

Action                   |  1- 3 |  4- 6 || total
-------------------------+-------+-------++-------
Melee: Unarmed           |    54 |       ||    54
       Constrict         |    16 |       ||    16
       Tentacles         |     8 |       ||     8
       Kick              |     7 |       ||     7
       Punch             |     3 |       ||     3
 Cast: Beastly Appendage |    10 |       ||    10
  Use: Scroll            |     6 |       ||     6
       Potion            |     1 |       ||     1
 Stab: Sleeping          |     7 |       ||     7
Armor: Skin              |     1 |       ||     1
Dodge: Dodged            |    31 |       ||    31

Table legend: (Time is in decaauts)
 A = Elapsed time spent in this place.
 B = Non-inter-level travel time spent in this place.
 C = Inter-level travel time spent in this place.
 D = Time resting spent in this place.
 E = Time spent auto-exploring this place.
 F = Levels seen in this place.
 G = Mean time per level.
                   A        B        C        D        E       F      G
               +--------+--------+--------+--------+--------+-----+--------+
         Total |   2192 |   2128 |     64 |    100 |   1799 |   3 |  730.7 |
       Dungeon |   2192 |   2128 |     64 |    100 |   1799 |   3 |  730.7 |
               +--------+--------+--------+--------+--------+-----+--------+

Top non-repeatable levels by time:
     D:2: 1232 daAuts
     D:1: 928 daAuts
     D:3: 32 daAuts
